 Dungeon Crawl Stone Soup version 0.20.0-10-g0535bb4 (webtiles) character file.

889 xgamer67 the Archer (level 7, -4/57 HPs)
             Began as a Centaur Arcane Marksman on June 7, 2017.
             Killed by nerve-wracking pain
             ... invoked by a shadow imp
              (6 damage)
             ... on level 4 of the Dungeon.
             The game lasted 00:19:38 (5757 turns).

xgamer67 the Archer (Centaur Arcane Marksman)       Turns: 5757, Time: 00:19:39

Health: -4/57      AC:  8    Str: 12    XL:     7   Next: 77%
Magic:  8/8        EV:  9    Int: 14    God:
Gold:   315        SH:  0    Dex: 10    Spells: 2/8 levels left

rFire    . . .     SeeInvis .   a - +0 shortbow
rCold    . . .     Gourm    .   (shield currently unavailable)
rNeg     . . .     Faith    .   e - +0 robe
rPois    .         Spirit   .   w - +0 helmet
rElec    .         Reflect  .   v - +0 cloak
rCorr    .         Harm     .   o - +1 pair of gloves
MR       .....                  (no barding)
Stlth    +.........             (no amulet)
Regen    0.2/turn               (no ring)
MPRegen  0.2/turn               (no ring)

@: lethally poisoned (-4 -> -5), very quick
A: hooves 3, deformed body, speed 2, tough skin 3
a: no special abilities


You were on level 4 of the Dungeon.
You were not hungry.

You visited 1 branch of the dungeon, and saw 5 of its levels.
You also visited: Ossuary.

You collected 315 gold pieces.

Inventory:

Hand Weapons
 a - a +0 shortbow (weapon)
 b - a +1 dagger of electrocution
 z - a +0 glaive
Missiles
 d - 25 arrows (quivered)
 u - 27 poisoned needles
Armour
 e - a +0 robe (worn)
 o - a +1 pair of gloves (worn)
 v - a +0 cloak (worn)
 w - a +0 helmet (worn)
Scrolls
 g - 3 scrolls of recharging
 h - 3 scrolls of identify
 k - 2 scrolls of random uselessness {unknown}
 n - 2 scrolls of teleportation
 q - a scroll of enchant weapon {unknown}
 r - a scroll of magic mapping {unknown}
 y - a scroll of amnesia {unknown}
 B - 2 scrolls of remove curse
 C - a scroll of noise {unknown}
 G - 2 scrolls of enchant armour {unknown}
Potions
 i - a potion of invisibility
 j - 2 potions of haste
 m - a potion of magic
 p - a potion of lignification {unknown}
 s - 2 potions of curing
 t - 2 potions of flight
 D - a potion of brilliance {unknown}
 E - a potion of heal wounds {unknown}
Books
 c - a book of Debilitation

   Spells                             Type                      Level
   a - Corona                         Hexes                        1
   b - Slow                           Hexes                        2
   c - Inner Flame                    Hexes/Fire                   3
   d - Portal Projectile              Hexes/Translocation          3
   e - Cause Fear                     Hexes                        4
   f - Leda's Liquefaction            Hexes/Earth                  4
Comestibles
 f - 5 bread rations
 l - 2 royal jellies
 x - 10 fruits
 A - 2 meat rations
 F - 4 chunks of flesh


   Skills:
 - Level 3.0 Fighting
 + Level 10.0 Bows
 - Level 1.3 Dodging
 - Level 1.0 Spellcasting
 - Level 4.1 Hexes
 - Level 1.0 Fire Magic


You had 2 spell levels left.
You knew the following spells:

 Your Spells              Type           Power        Failure   Level  Hunger
a - Corona                Hex            ##.....      4%          1    ##.....
b - Slow                  Hex            ##......     7%          2    ###....
c - Inner Flame           Hex/Fire       #.......     26%         3    ####...


Dungeon Overview and Level Annotations

Branches:
Dungeon (5/15)
 Temple: D:4-7

Altars:

Shops:
D:5 *

Annotations:
D:3 Sigmund


Innate Abilities, Weirdness & Mutations

You have hooves in place of feet.
Armour fits poorly on your strangely shaped body.
You cover ground very quickly.
You have extremely tough skin. (AC +3)


Message History

Press: ? - help, Shift-Dir - straight line, f/p - shadow imp
Aim: a shadow imp (moderately wounded)
You shoot an arrow.
The arrow closely misses the shadow imp.
* * * LOW HITPOINT WARNING * * *
You feel sick.
Firing (i - inventory):
d - 27 arrows (quivered)
Press: ? - help, Shift-Dir - straight line, f/p - shadow imp
Aim: a shadow imp (moderately wounded)
You shoot an arrow.
The arrow hits the shadow imp but does no damage.
The shadow imp is moderately wounded.
Firing (i - inventory):
d - 26 arrows (quivered)
Press: ? - help, Shift-Dir - straight line, f/p - shadow imp
Aim: a shadow imp (moderately wounded)
You shoot an arrow. The arrow hits the shadow imp.
The shadow imp is heavily wounded.
The shadow imp gestures at you. Pain shoots through your body!
You die...

#. #. #. #. #. ##. #..
#### ### ####.@## #
#....(.#### #
#....>..(.## ### #
#.......#..###.#######
####.....###5..........#
#..#....##.##.(.........
#...<..##...##(........#
#.......'#.##..........#
#........###............


You could see a shadow imp.

Vanquished Creatures
  A water moccasin (D:4)
  A phantom (D:4)
  An elf zombie (Ossuary)
  A centaur zombie (D:5)
  A human zombie (Ossuary)
  Crazy Yiuf (D:3)
  2 orc priests
  A centaur skeleton (D:5)
  2 orc wizards
  2 iguanas
  2 big kobold zombies (Ossuary)
  3 mummies (Ossuary)
  2 worker ant zombies (D:5)
  Robin (D:3)
  4 gnolls (D:2)
  6 adders
  6 adder zombies (Ossuary)
  A dart slug (D:3)
  11 orcs
  2 ball pythons
  2 bats (D:1)
  3 giant cockroaches
  3 gnoll zombies (Ossuary)
  16 goblins
  10 hobgoblins
  8 jackals
  A quokka (D:2)
  4 frilled lizards
  3 goblin zombies (Ossuary)
  2 hobgoblin zombies (Ossuary)
  A jackal zombie (Ossuary)
  11 kobolds
  2 kobold zombies (Ossuary)
  An orc zombie (Ossuary)
  7 quokka zombies (Ossuary)
  8 rats
  4 rat zombies (Ossuary)
137 creatures vanquished.

Notes
Turn   | Place    | Note
-------+----------+-------------------------------------------
     0 | D:1      | xgamer67 the Centaur Arcane Marksman began the quest for the Orb.
     0 | D:1      | Reached XP level 1. HP: 16/16 MP: 2/2
    27 | D:1      | Reached skill level 3 in Bows
   609 | D:1      | Reached XP level 2. HP: 15/23 MP: 3/3
   765 | D:1      | Learned a level 2 spell: Slow
   993 | D:1      | Reached skill level 4 in Bows
  1650 | D:1      | Reached XP level 3. HP: 27/28 MP: 4/4
  1724 | D:2      | Reached skill level 5 in Bows
  1959 | D:2      | Reached XP level 4. HP: 35/35 MP: 5/5
  2032 | D:2      | Reached skill level 6 in Bows
  3225 | D:3      | Reached XP level 5. HP: 39/40 MP: 6/6
  3232 | D:3      | Noticed Robin
  3240 | D:3      | Reached skill level 7 in Bows
  3277 | D:3      | Killed Robin
  4067 | D:3      | Reached skill level 8 in Bows
  4295 | D:3      | Found a runed door.
  4300 | D:3      | Noticed Crazy Yiuf
  4321 | D:3      | Killed Crazy Yiuf
  4321 | D:3      | Reached XP level 6. HP: 47/47 MP: 7/7
  4326 | D:3      | Learned a level 3 spell: Inner Flame
  4399 | D:3      | Noticed Sigmund
  4468 | D:4      | Found a sand-covered staircase.
  4472 | Ossuary  | Entered an ossuary
  4615 | Ossuary  | Reached skill level 9 in Bows
  4800 | Ossuary  | Reached skill level 1 in Fire Magic
  4953 | Ossuary  | Reached XP level 7. HP: 31/52 MP: 8/8
  5474 | D:5      | Entered Level 5 of the Dungeon
  5561 | D:5      | Found Xunn's Assorted Antiques.
  5736 | D:4      | Reached skill level 10 in Bows
  5752 | D:4      | HP: 2/57 [poisoned by a water moccasin]
  5757 | D:4      | Killed from afar by a shadow imp

Skill      XL: |  1  2  3  4  5  6  7 |
---------------+----------------------+-----
Bows           | 3 4 5 6 8 9 10 | 10.0
Hexes          | 3 4 |  4.1
Fire Magic     | 1 |  1.0
Fighting       | 3 |  3.0
Dodging        | |  1.3
Spellcasting   | |  1.0

Action                   |  1- 3 |  4- 6 |  7- 9 || total
-------------------------+-------+-------+-------++-------
Melee: Dagger            |   114 |   282 |    53 ||   449
       Unarmed           |    25 |       |       ||    25
       Kick              |    16 |    58 |     9 ||    83
 Fire: Shortbow          |    24 |    87 |    40 ||   151
 Cast: Corona            |     4 |       |       ||     4
  Use: Scroll            |       |       |     8 ||     8
       Potion            |       |       |     2 ||     2
  Eat: Chunk             |     3 |     7 |     1 ||    11
       Royal jelly       |       |       |     1 ||     1
Armor: Robe              |    57 |    92 |    30 ||   179
Dodge: Dodged            |    57 |   118 |    39 ||   214
